Map: Cyber Forest LE

Players

Rogue

  • Race: Zerg Zerg
  • Spawn Location: 11:00

Serral - Winner!

  • Race: Zerg Zerg
  • Spawn Location: 5:00

Event: IEM Season 13: Katowice (2019)

VOD

Have the link to the VOD?

Description

Time

  • Played on: March 1, 2019, 5:22 a.m.
  • Length: 5:52

All games in this series

Show
View Real Time Build Order
Export as new Build Order

Rogue Zerg 

Build Orders: Hatch First 

Get SALT Encoding   

  12  0:00  Drone  
  13  0:12  Overlord  
  13  0:17  Drone  
  14  0:30  Drone x2  
  16  0:48  Hatchery  
  15  0:51  Drone  
  15  0:55  Drone  
  17  0:58  Drone  
  18  1:09  Extractor  
  17  1:13  Spawning Pool  
  17  1:16  Drone  
  17  1:20  Drone  
  18  1:28  Drone  
  19  1:40  Overlord  
  19  1:49  Drone  
  20  2:00  Queen x2  
  20  2:01  Drone x2  
  26  2:09  Metabolic Boost  
  26  2:12  Drone x2  
  28  2:24  Drone x2  
  30  2:34  Hatchery  
  29  2:39  Zergling x4  
  31  2:45  Baneling Nest  
  31  2:50  Drone x2  
  32  2:54  Overlord  
  32  2:58  Zergling x2  
  32  3:05  Drone x2  
  35  3:11  Drone  
  36  3:16  Evolution Chamber, Zergling x4  
  36  3:17  Drone x2  
  39  3:21  Queen  
  39  3:26  Overlord  
  41  3:29  Drone  
  41  3:32  Drone  
  43  3:35  Drone  
  44  3:47  Drone x3  
  44  3:48  Zergling x2  
  48  3:50  Zergling x2  
  48  3:51  Zergling x2  
  50  3:56  Zergling x4  
  50  3:59  Overlord  
  50  4:01  Zergling x2  
  50  4:02  Zergling x2  
  54  4:04  Zergling x2  
  54  4:05  Zergling x2  
  54  4:07  Zergling x2  
  57  4:16  Zergling x2  
  58  4:19  Overlord  
  58  4:21  Lair  
  58  4:22  Zergling x6  
  61  4:27  Zergling x4  
  61  4:29  Zergling x4  
  65  4:32  Zergling x2  
  65  4:36  Overlord  
  66  4:39  Zergling x4  
  68  4:46  Zergling x12  
  68  4:50  Overlord  
  68  4:52  Overlord  
  74  4:58  Overlord  
  74  5:00  Overlord  
  69  5:09  Zergling x2  
  69  5:10  Zergling x8  
  68  5:17  Zergling x2  
  68  5:18  Zergling x12  
  71  5:22  Zergling x2  
  71  5:24  Roach Warren  
  71  5:25  Evolution Chamber  
  71  5:27  Zergling x2  
  67  5:28  Zergling x4  
Show
View Real Time Build Order
Export as new Build Order

Serral Zerg - Winner!

Build Orders: Hatch First 

Get SALT Encoding   

  12  0:00  Drone  
  13  0:13  Overlord  
  13  0:17  Drone  
  14  0:31  Drone x2  
  16  0:48  Hatchery  
  15  0:52  Drone  
  15  0:55  Drone  
  17  1:09  Spawning Pool  
  17  1:11  Extractor  
  15  1:14  Drone  
  15  1:17  Drone  
  17  1:21  Drone  
  18  1:28  Drone  
  19  1:39  Drone  
  20  1:49  Overlord  
  20  1:55  Queen  
  20  2:00  Queen  
  24  2:02  Drone x2  
  26  2:11  Drone x2  
  28  2:23  Drone x2  
  30  2:35  Lair  
  30  2:36  Queen  
  30  2:37  Drone x2  
  34  2:39  Extractor  
  33  2:45  Drone  
  33  2:47  Evolution Chamber  
  33  2:51  Drone  
  33  2:53  Roach Warren  
  33  2:57  Overlord  
  33  3:00  Drone  
  33  3:02  Drone  
  33  3:04  Drone  
  36  3:13  Zerg Missile Weapons Level 1  
  36  3:16  Drone x2  
  36  3:18  Drone  
  39  3:24  Queen  
  41  3:28  Overlord  
  41  3:34  Glial Reconstitution  
  41  3:40  Overlord  
  41  3:42  Overlord  
  41  3:45  Roach  
  43  3:49  Roach  
  43  3:51  Roach  
  43  3:54  Roach  
  49  3:57  Roach  
  49  4:00  Roach  
  53  4:04  Roach  
  53  4:06  Roach  
  53  4:09  Roach  
  59  4:11  Roach  
  59  4:15  Overlord  
  61  4:19  Roach  
  61  4:22  Overlord  
  63  4:29  Roach x2  
  67  4:36  Roach x3  
  73  4:40  Overlord  
  73  4:43  Roach  
  75  4:47  Overlord  
  75  4:53  Roach x2  
  79  5:00  Roach  
  79  5:01  Evolution Chamber  
  79  5:02  Roach  
  79  5:05  Roach  
  82  5:08  Roach  
  82  5:11  Roach  
  80  5:15  Roach  
  80  5:17  Roach  
  84  5:24  Roach  
  84  5:26  Roach  
  88  5:31  Roach  

Tags
 
Add a new tag
Caveats
  • Supply blocks, unpowered buildings, or Contaminate may cause inaccurate times.
  • Supply counts are checked every 10 seconds.